 Dungeon Crawl Stone Soup version 0.28-a0-429-g1448048969 (webtiles) character file.

Game seed: 16834900330524774059

141 SkeletonJelly the Firebug (level 5, -1/31 HPs)
             Began as a Deep Elf Cinder Acolyte on Sept 10, 2021.
             Was a High Priest of Ignis.
             Slain by an orc (3 damage)
             ... on level 4 of the Dungeon.
             The game lasted 00:06:02 (3230 turns).

SkeletonJelly the Firebug (Deep Elf Cinder Acolyte) Turns: 3230, Time: 00:06:02

Health: -1/31      AC:  4    Str: 12    XL:     5   Next: 3%
Magic:  5/11       EV: 11    Int: 19    God:    Ignis [*****.]
Gold:   97         SH:  0    Dex: 10    Spells: 5/10 levels left

rFire   + . .      SeeInvis .   a - -1 falchion (flame)
rCold   . . .      Faith    .   (no shield)
rNeg    + . .      Spirit   .   b - +0 robe
rPois   .          Reflect  .   f - +1 helmet
rElec   .          Harm     .   (no cloak)
rCorr   .          Rampage  .   (no gloves)
Will    .....                   (no boots)
Stlth   +.........              c - amulet of magic regeneration
HPRegen 0.10/turn               i - ring of positive energy
MPRegen 0.37/turn               (no ring)

@: attractive
A: no striking features
a: Renounce Religion, Sea of Fire, Foxfire Swarm, Rising Flame


You were on level 4 of the Dungeon.
You worshipped Ignis.
Ignis was extremely pleased with you.
You visited 1 branch of the dungeon, and saw 4 of its levels.

You collected 97 gold pieces.

Inventory:

Hand Weapons
 a - a -1 falchion of flaming (weapon)
Missiles
 d - 12 poisoned darts
Armour
 b - a +0 robe (worn)
 f - a +1 helmet (worn)
 n - a +0 buckler
 q - a +0 leather armour
Jewellery
 c - an amulet of magic regeneration (around neck)
 e - an amulet of the acrobat
 i - a ring of positive energy (left hand)
Scrolls
 g - 2 scrolls of identify {unknown}
 j - 2 scrolls of enchant weapon {unknown}
 k - a scroll of silence {unknown}
 o - a scroll of fear {unknown}
Potions
 h - a potion of resistance {unknown}
 p - a potion of heal wounds {unknown}


   Skills:
 - Level 2.4 Fighting
 - Level 3.0 Long Blades
 + Level 3.2 Spellcasting
 + Level 1.3 Conjurations
 + Level 1.7 Hexes
 * Level 5.0 Fire Magic


You had 5 spell levels left.
You knew the following spells:

 Your Spells              Type           Power      Damage    Failure   Level
a - Scorch                Fire           44%        2d7       2%          2
b - Dazzling Flash        Conj/Hex       16%        N/A       24%         3

Your spell library contained the following spells:

 Spells                   Type           Power      Damage    Failure   Level
 Iskenderun's Mystic Bla  Conj/Tloc      5%         2d3       73%         4
 Starburst                Conj/Fire      7%         6d4       99%         6


Dungeon Overview and Level Annotations

Branches:
Dungeon (4/15)
 Temple: D:4-7

Altars:
Sif Muna
Xom


Message History

Found an escape hatch in the floor.
Jessica grins evilly.
Jessica gestures wildly while chanting.
Jessica blinks!
Flames lash Jessica.
You kill Jessica!
Your Spellcasting skill increases to level 3!
Your Conjurations skill increases to level 1!
You now have 8/10 mp.
You can't see any susceptible monsters within range! (Use Z to cast anyway.)
You can't see any susceptible monsters within range! (Use Z to cast anyway.)
You can't see any susceptible monsters within range! (Use Z to cast anyway.)
You can't see any susceptible monsters within range! (Use Z to cast anyway.)
You can't see any susceptible monsters within range! (Use Z to cast anyway.)
Things that are here:
a +0 dagger; a +0 robe; the human corpse of Jessica MP restored: 10
Found a shimmering blue altar of Sif Muna.
Done exploring.
Done exploring.
Done exploring.
Done exploring.
Done exploring.
Search for what [Enter for "."]? .
You see here a +0 leather armour.
q - a +0 leather armour
There is a stone staircase leading down here.
You climb downwards.
There is a stone staircase leading up here.
An endoplasm comes into view.
Flames lash the endoplasm.
You kill the endoplasm!
You now have 8/10 mp.
Magic restored.
Found a ring mail.
MP restored: 10 You can't see any susceptible monsters within range! (Use Z to cast anyway.)
You see here a +0 ring mail.
An orc priest comes into view. It is wielding a +0 mace.
The orc priest moves out of view.
You can't see any susceptible monsters within range! (Use Z to cast anyway.)
You can't see any susceptible monsters within range! (Use Z to cast anyway.)
You can't see any susceptible monsters within range! (Use Z to cast anyway.)
You can't see any susceptible monsters within range! (Use Z to cast anyway.)
Found 23 stones.
Flames lash the orc priest.
The orc priest is heavily wounded.
The orc priest's fire resistance burns away.
You hear a shout! x3
The orc priest invokes the aid of Beogh against you.
Pain shoots through your body!
An orc comes into view. It is wielding a +0 hand axe.
You take 7 damage, and have 20/27 hp.
MASSIVE DAMAGE!!
You now have 8/10 mp.
Flames lash the orc priest.
The orc priest is burned terribly!
You kill the orc priest!
An orc comes into view. It is wielding a +0 short sword.
Your Fire Magic skill increases to level 5!
You have reached level 5!
You regained 3 hp, and now have 23/31 hp.
You now have 7/11 mp.
Flames lash the orc.
You kill the orc!
You now have 5/11 mp.
You can't see any susceptible monsters within range! (Use Z to cast anyway.)
You can't see any susceptible monsters within range! (Use Z to cast anyway.)
You can't see any susceptible monsters within range! (Use Z to cast anyway.)
You can't see any susceptible monsters within range! (Use Z to cast anyway.)
An orc comes into view. It is wielding a +1 vampiric hand axe.
Flames lash the orc.
The orc is severely wounded.
The orc's fire resistance burns away.
You now have 4/11 mp.
Flames lash the orc.
The orc is moderately wounded.
The orc's fire resistance burns away.
The orc barely misses you.
You now have 2/11 mp.
You miscast Scorch.
You are very lightly contaminated with residual magic.
Nothing appears to happen.
The orc hits you with a +1 vampiric hand axe!
You take 8 damage, and have 15/31 hp.
MASSIVE DAMAGE!!
You now have 0/11 mp.
You are too injured to fight recklessly!
You are too injured to fight recklessly!
You are too injured to fight recklessly!
You are too injured to fight recklessly!
The orc is no longer more vulnerable to fire.
An orc priest comes into view.
It is wielding a +1 hand axe of draining.
The orc is no longer more vulnerable to fire.
Your magical contamination has completely faded away.
The orc priest invokes the aid of Beogh against you.
Beogh smites you!
* * * LOW HITPOINT WARNING * * *
You take 14 damage, and have 2/31 hp.
MASSIVE DAMAGE!!
Okay, then.
It was a potion of cancellation.
You feel magically purged. The orc hits you but does no damage.
It was a potion of attraction.
You feel attractive to monsters.
The orc hits you with a +1 vampiric hand axe.
You die...

########.....
#....oo?.....
##.####))....
#.# ..... #o#
...# #.# ..#
#o# .# #o# #
#@# #.# #.#
#.# #.# #.#
#.# #.# #.#


You could see an orc priest and 2 orcs.

Vanquished Creatures
  An orc priest (D:4)
  Jessica (D:3)
  2 adders (D:3)
  4 worms (D:2)
  2 orcs
  4 ball pythons
  4 bats
  6 endoplasms
  3 goblins
  3 hobgoblins
  8 jackals
  2 quokkas
  6 frilled lizards
  2 kobolds (D:1)
  6 rats
54 creatures vanquished.

Notes
Turn   | Place    | Note
-------+----------+-------------------------------------------
     0 | D:1      | SkeletonJelly the Deep Elf Cinder Acolyte began the quest
                  | for the Orb.
     0 | D:1      | Reached XP level 1. HP: 13/13 MP: 5/5
   636 | D:1      | Reached XP level 2. HP: 18/18 MP: 6/6
   639 | D:1      | Learned a level 2 spell: Scorch
   920 | D:1      | Found a faded altar of an unknown god.
  1381 | D:1      | Reached skill level 4 in Fire Magic
  1647 | D:2      | Reached XP level 3. HP: 22/22 MP: 0/8
  2015 | D:2      | Learned a level 3 spell: Dazzling Flash
  2088 | D:2      | Found a shimmering altar of Xom.
  2735 | D:3      | Reached XP level 4. HP: 27/27 MP: 7/10
  2739 | D:3      | Reached skill level 1 in Hexes
  3055 | D:3      | Noticed Jessica
  3060 | D:3      | Killed Jessica
  3061 | D:3      | Reached skill level 1 in Conjurations
  3069 | D:3      | Found a shimmering blue altar of Sif Muna.
  3215 | D:4      | Reached skill level 5 in Fire Magic
  3215 | D:4      | Reached XP level 5. HP: 23/31 MP: 7/11
  3230 | D:4      | Slain by an orc

Illustrated notes

Levels and vault maps discovered:
D:1:      saegor_arrival_simple_d, layout_loops_corners,
          shapermc_ecumenical_altar_ellora, hangedman_abyss_or_decor_stabs
D:2:      layout_basic, basic_altar
D:3:      layout_rooms, tgw_sif, ebering_dispersal_statue_hall, uniq_jessica
D:4:      layout_basic

Skill      XL: |  1  2  3  4 |
---------------+-------------+-----
Long Blades    | 3 |  3.0
Spellcasting   | 2 3 |  3.2
Fire Magic     | 4 5 |  5.0
Hexes          | 1 |  1.7
Conjurations   | 1 |  1.3
Fighting       | |  2.4

Action                   |  1- 3 |  4- 6 || total
-------------------------+-------+-------++-------
Melee: Falchion          |    42 |       ||    42
 Cast: Scorch            |    41 |    15 ||    56
  Use: Potion            |       |     2 ||     2
Armor: Robe              |     8 |     1 ||     9
Dodge: Dodged            |    29 |     1 ||    30

Table legend: (Time is in decaauts)
 A = Elapsed time spent in this place.
 B = Non-inter-level travel time spent in this place.
 C = Inter-level travel time spent in this place.
 D = Time resting spent in this place.
 E = Time spent auto-exploring this place.
 F = Levels seen in this place.
 G = Mean time per level.
                   A        B        C        D        E       F      G
               +--------+--------+--------+--------+--------+-----+--------+
         Total |   3235 |   3086 |    149 |      0 |   2774 |   4 |  808.8 |
       Dungeon |   3235 |   3086 |    149 |      0 |   2774 |   4 |  808.8 |
               +--------+--------+--------+--------+--------+-----+--------+

Top non-repeatable levels by time:
     D:1: 1632 daAuts
     D:2: 913 daAuts
     D:3: 633 daAuts
     D:4: 54 daAuts
